 Dungeon Crawl Stone Soup version 0.30.1-3-gfc49f6343a (webtiles) character file.

Game seed: 8621888094181205913

96 Babbit the Chiller (level 4, 0/31 HPs)
             Began as a Human Ice Elementalist on July 20, 2023.
             Was a Believer of Sif Muna.
             Killed from afar by an orc wizard (6 damage)
             ... with a magic dart
             ... on level 3 of the Dungeon.
             The game lasted 00:25:02 (2296 turns).

Babbit the Chiller (Human Ice Elementalist)         Turns: 2296, Time: 00:25:03

Health: 0/31       AC:  2    Str:  8    XL:     4   Next: 98%
Magic:  7/8        EV: 12    Int: 18    God:    Sif Muna [**....]
Gold:   160        SH:  0    Dex: 13    Spells: 5/9 levels left

rFire   . . .        l - +0 quarterstaff (freeze)
rCold   . . .        (shield currently unavailable)
rNeg    . . .        a - +0 robe
rPois   .            (no helmet)
rElec   .            (no cloak)
rCorr   .            (no gloves)
SInv    .            (no boots)
Will    .....        (no amulet)
Stlth   ++           (no ring)
HPRegen 0.25/turn    (no ring)
MPRegen 0.11/turn

%: no passive effects
@: invisible
A: no striking features
a: Renounce Religion, Channel Magic


You were on level 3 of the Dungeon.
You worshipped Sif Muna.
Sif Muna was pleased with you.
You visited 1 branch of the dungeon, and saw 3 of its levels.

You collected 160 gold pieces.

Inventory:

Hand Weapons
 l - a +0 quarterstaff of freezing (weapon)
Armour
 a - a +0 robe (worn)
Magical Staves
 e - a staff of earth
Potions
 b - a potion of magic
 c - a potion of degeneration {unknown}
 d - a potion of invisibility
 g - 3 potions of attraction
 h - a potion of mutation {unknown}


   Skills:
 + Level 0.6 Fighting
 + Level 0.9 Short Blades
 + Level 2.2 Dodging
 + Level 2.0 Stealth
 + Level 0.2 Unarmed Combat
 + Level 3.1 Spellcasting
 + Level 4.7 Ice Magic


You had 5 spell levels left.
You knew the following spells:

 Your Spells              Type           Power      Damage    Failure   Level
a - Freeze                Ice            80%        1d9       2%          1
b - Ozocubu's Armour      Ice            20%        N/A       7%          3

Your spell library contained the following spells:

 Spells                   Type           Power      Damage    Failure   Level
 Frozen Ramparts          Ice            40%        1d7       7%          3
 Summon Ice Beast         Ice/Summ       11%        N/A       52%         4


Dungeon Overview and Level Annotations

Branches:
Dungeon (3/15)

Altars:
Sif Muna


Message History

Sif Muna accepts your kill.
Casting: Freeze (safe; 2% risk of failure)
Confirm with . or Enter, or press ? or * to list all spells.
You can't see any susceptible monsters within range! (Use Z to cast anyway.)
You barely miss something. Something hits you.
Casting: Freeze (safe; 2% risk of failure)
Confirm with . or Enter, or press ? or * to list all spells.
You can't see any susceptible monsters within range! (Use Z to cast anyway.) Unknown command.
You closely miss something. Something hits you.
You closely miss something.
You hear some strange, mumbled words.
Something tries to affect you, but you resist.
Something barely misses you.
You barely miss something. Something barely misses you.
You miss something.
You hear some strange, mumbled words.
You are confused.
You're too confused to cast spells.
Unknown command.
You bump into the rock wall.
Something hits you but does no damage. Something hits you.
You're too confused to move!
Something hits you.
You bump into the rock wall.
Something hits you.
You hit something. You freeze something. Something hits you.
Something hits you but does no damage.
You closely miss something. Something hits you but does no damage.
You closely miss something.
You feel less confused. Something hits you.
* * * LOW HITPOINT WARNING * * *
You miss something. Something hits you.
* * * LOW HITPOINT WARNING * * *
It was a potion of invisibility.
You fade into invisibility!
Something hits you but does no damage.
You hear some strange, mumbled words.
A magic dart appears from out of thin air!
The magic dart hits you.
You die...

#............#...#.....
######.......#...#.....
#.......#...#.....
#########...######
#...# #...# #...# .
#...# ....#######@..#
.....<.)Bo{...#
.......######.# .).....
.# ....... .# .#..B..
.# #....o .. #..#.. ##
#.....


You could see an orc wizard (unable to see you) and a giant cockroach (unable to
see you).

Vanquished Creatures
  Jessica (D:3)
  2 adders (D:2)
  2 dart slugs
  2 orcs (D:3)
  6 ball pythons
  5 bats
  3 endoplasms
  A giant cockroach (D:2)
  2 goblins
  3 hobgoblins
  3 jackals (D:1)
  2 quokkas (D:1)
  4 frilled lizards
  5 kobolds (D:1)
  6 rats
47 creatures vanquished.

Notes
Turn   | Place    | Note
-------+----------+-------------------------------------------
     0 | D:1      | Babbit the Human Ice Elementalist began the quest for the
                  | Orb.
     0 | D:1      | Reached XP level 1. HP: 13/13 MP: 3/3
   217 | D:1      | Reached XP level 2. HP: 19/19 MP: 1/5
   217 | D:1      | Found a faded altar of an unknown god.
   238 | D:1      | Prayed at the altar of an unknown god.
   238 | D:1      | Became a worshipper of Sif Muna the Loreminder
   238 | D:1      | Reached * piety under Sif Muna
   668 | D:1      | Reached XP level 3. HP: 25/25 MP: 2/6
  1187 | D:2      | Reached ** piety under Sif Muna
  1376 | D:2      | Reached XP level 4. HP: 31/31 MP: 5/8
  2086 | D:3      | Noticed Jessica
  2096 | D:3      | Killed Jessica
  2117 | D:3      | Learned a level 3 spell: Ozocubu's Armour
  2296 | D:3      | Killed from afar by an orc wizard

Illustrated notes

Levels and vault maps discovered:
D:1:      psy_arrival_radial01, layout_loops_ring, basic_ecumenical_altar
D:2:      layout_basic, columned_hall_lemuel,
          wander_ebering_terrifying_dragon_lair
D:3:      layout_rooms, nicolae_gozag_cash_rules_everything_around_me,
          serial_shops, shop, serial_co_window_serial, co_window_corner_a,
          co_window_corner_a, co_window_of_opportunity_a, co_window_paths_b,
          co_window_paths_a, co_window_corner_cb, co_window_corner_ca,
          co_window_cross_3, co_window_broadway_b, co_window_4corner_b,
          co_window_4corner_a, minmay_misc_feat_ornament, uniq_terence,
          uniq_jessica

Skill      XL: |  1  2  3  4 |
---------------+-------------+-----
Spellcasting   | 3 |  3.1
Fighting       | |  0.6
Short Blades   | |  0.9
Dodging        | |  2.2
Stealth        | |  2.0
Unarmed Combat | |  0.2
Ice Magic      | |  4.7

Action                     |  1- 3 |  4- 6 || total
---------------------------+-------+-------++-------
  Melee: Unarmed           |     4 |       ||     4
         Dagger            |     2 |       ||     2
         Quarterstaff      |     6 |    14 ||    20
   Cast: Freeze            |    51 |    18 ||    69
    Use: Scroll            |     6 |     1 ||     7
         Potion            |       |     1 ||     1
 Armour: Robe              |     7 |     7 ||    14
  Dodge: Dodged            |    28 |    13 ||    41
